 Dungeon Crawl Stone Soup version 0.22.1-2-g9c5b331 (webtiles) character file.

259 magicm the Chopper (level 5, -3/72 HPs)
             Began as a Minotaur Berserker on Nov 20, 2018.
             Was a Believer of Trog.
             Slain by an iguana (4 damage)
             ... on level 6 of the Dungeon.
             The game lasted 00:07:35 (2312 turns).

magicm the Chopper (Minotaur Berserker)             Turns: 2312, Time: 00:07:37

Health: -3/72      AC: 13    Str: 27    XL:     5   Next: 94%
Magic:  4/4        EV: 12    Int:  4    God:    Trog [**....]
Gold:   162        SH:  0    Dex: 10    Spells: 4/4 levels left

rFire    . . .     SeeInvis .   g - +1 mace (protect)
rCold    . . .     Gourm    .   (no shield)
rNeg     . . .     Faith    .   e - +1 ring mail
rPois    .         Spirit   .   (helmet restricted)
rElec    .         Reflect  .   (no cloak)
rCorr    .         Harm     .   (no gloves)
MR       .....                  (no boots)
Stlth    ..........             (no amulet)
HPRegen  0.22/turn              (no ring)
MPRegen  0.09/turn              (no ring)

@: berserking, lethally poisoned (-3 -> -8), protection aura, glowing, very
quick
A: retaliatory headbutt, horns 2
a: Berserk, Trog's Hand, Renounce Religion


You were on level 6 of the Dungeon.
You worshipped Trog.
Trog was pleased with you.
You were not hungry.

You visited 1 branch of the dungeon, and saw 4 of its levels.

You collected 162 gold pieces.

Inventory:

Hand Weapons
 a - a +0 hand axe
 g - a +1 mace of protection (weapon)
Armour
 e - a +1 ring mail (worn)
Scrolls
 b - a scroll of remove curse
 f - a scroll of fear
Potions
 d - a potion of magic {unknown}
Comestibles
 c - 5 rations


   Skills:
 + Level 5.1 Fighting
 + Level 5.3(5.4) Axes
 + Level 1.0(3.4) Maces & Flails
 + Level 4.3 Armour
 + Level 3.2 Dodging
 + Level 0.3 Stealth


You had 4 spell levels left.
You didn't know any spells.
Your spell library was empty.

Dungeon Overview and Level Annotations

Branches:
Dungeon (3/15)

Altars:
Ashenzari
Dithmenos
Okawaru
Qazlal
Vehumet

Annotations:
D:6 Dowan, Duvessa


Innate Abilities, Weirdness & Mutations

You reflexively headbutt those who attack you in melee.
You have a pair of horns on your head.


Message History

You are too injured to fight recklessly!
You are too injured to fight recklessly!
You are too injured to fight recklessly!
You hit Duvessa but do no damage.
Duvessa is lightly wounded.
The iguana bites you!
* * * LOW HITPOINT WARNING * * *
The scorpion closely misses you.
Dowan points at you and mumbles some strange words.
You are outlined in light.
Duvessa hits you with a short sword.
* * * LOW HITPOINT WARNING * * *
The iguana bites you.
* * * LOW HITPOINT WARNING * * *
A red film seems to cover your vision as you go berserk!
You feel yourself moving faster!
You feel mighty!
You feel a lot more hungry. Duvessa hits you but does no damage.
The scorpion stings you.
* * * LOW HITPOINT WARNING * * *
You are lethally poisoned!
The scorpion poisons you! The iguana bites you.
You die...

.. #.#.. #.....#.
###..#../ .
+...<...# ..
#.......#...
#..#.......
######..#l......
####....#..@e......
........##.es......
...........#......#
........####.......
........# ##..>.#
##+#(...# .#..#
###### #.## #


You could see Duvessa, Dowan, a scorpion and an iguana.

Vanquished Creatures
  An ogre (D:6)
  An orc priest (D:3)
  An orc wizard (D:3)
  Crazy Yiuf (D:2)
  2 adders
  2 dart slugs (D:2)
  3 leopard geckos
  3 orcs (D:3)
  A ball python (D:3)
  A giant cockroach (D:3)
  4 goblins
  5 hobgoblins
  A quokka (D:3)
  8 bats
  2 frilled lizards (D:3)
  12 kobolds
  10 rats
58 creatures vanquished.

Vanquished Creatures (others)
  A ball python (D:3)
1 creature vanquished.

Grand Total: 59 creatures vanquished

Notes
Turn   | Place    | Note
-------+----------+-------------------------------------------
     0 | D:1      | magicm the Minotaur Berserker began the quest for the Orb.
     0 | D:1      | Reached XP level 1. HP: 19/19 MP: 0/0
   402 | D:1      | Reached XP level 2. HP: 25/27 MP: 1/1
   954 | D:2      | Found an iron altar of Okawaru.
   962 | D:2      | Reached XP level 3. HP: 33/33 MP: 2/2
  1100 | D:2      | Found a shattered altar of Ashenzari.
  1136 | D:2      | Found a shadowy altar of Dithmenos.
  1310 | D:2      | Reached ** piety under Trog
  1557 | D:2      | Found a runed door.
  1564 | D:2      | Noticed Crazy Yiuf
  1574 | D:2      | Killed Crazy Yiuf
  1574 | D:2      | Reached XP level 4. HP: 16/41 MP: 3/3
  1787 | D:3      | Found a stormy altar of Qazlal.
  1819 | D:3      | Reached skill level 5 in Axes
  1819 | D:3      | Reached XP level 5. HP: 19/47 MP: 4/4
  2098 | D:3      | Found a radiant altar of Vehumet.
  2298 | D:3      | You fall through a shaft for 3 floors!
  2301 | D:6      | Noticed an ogre
  2302 | D:6      | Noticed Duvessa
  2302 | D:6      | Noticed Dowan
  2308 | D:6      | Killed an ogre
  2308 | D:6      | Reached skill level 5 in Fighting
  2308 | D:6      | Reached skill level 1 in Maces & Flails
  2312 | D:6      | HP: 1/72 [scorpion (6)]
  2312 | D:6      | Slain by an iguana

Skill      XL: |  1  2  3  4  5 |
---------------+----------------+-----
Fighting       | 4 5 |  5.1
Axes           | 4 5 |  5.3
Armour         | 3 4 |  4.3
Maces & Flails | 1 |  1.0
Dodging        | 3 |  3.2
Stealth        | |  0.3

Action                   |  1- 3 |  4- 6 || total
-------------------------+-------+-------++-------
Melee: Hand axe          |    72 |       ||    72
       Headbutt          |    10 |     9 ||    19
       Mace              |     8 |    52 ||    60
Invok: Berserk           |     1 |     2 ||     3
  Use: Scroll            |     6 |     2 ||     8
       Potion            |       |     1 ||     1
  Eat: Ration            |     1 |     1 ||     2
Armor: Ring mail         |    24 |    30 ||    54
Dodge: Dodged            |    42 |    49 ||    91
